 Dungeon Crawl Stone Soup version 0.28.0-43-g3370ac3207 (webtiles) character file.

Game seed: 9279340294211461189

102 pkoi the Ruffian (level 4, -1/36 HPs)
             Began as a Demigod Gladiator on Mar 31, 2022.
             Killed from afar by an orc wizard (5 damage)
             ... with a puff of flame
             ... on level 3 of the Dungeon.
             The game lasted 00:02:30 (3145 turns).

pkoi the Ruffian (Demigod Gladiator)                Turns: 3145, Time: 00:02:30

Health: -1/36      AC:  4    Str: 19    XL:     4   Next: 26%
Magic:  6/6        EV: 12    Int: 10    God:
Gold:   136        SH:  0    Dex: 15    Spells: 3/3 levels left

rFire   . . .      SeeInvis .   i - +0 dagger (drain)
rCold   . . .      Faith    .   (no shield)
rNeg    . . .      Spirit   .   a - +0 leather armour
rPois   .          Reflect  .   b - +0 helmet
rElec   .          Harm     .   (no cloak)
rCorr   .          Rampage  .   (no gloves)
Will    .....                   (no boots)
Stlth   +.........              (no amulet)
HPRegen 0.12/turn               (no ring)
MPRegen 0.10/turn               (no ring)

@: no status effects
A: high MP 1, forlorn, divine attributes
a: no special abilities


You were on level 3 of the Dungeon.
You visited 1 branch of the dungeon, and saw 3 of its levels.

You collected 136 gold pieces.

Inventory:

Hand Weapons
 f - a +0 whip
 g - a +0 dagger
 i - a +0 dagger of draining (weapon)
Missiles
 c - a throwing net (quivered)
Armour
 a - a +0 leather armour (worn)
 b - a +0 helmet (worn)
Scrolls
 d - 2 scrolls of enchant weapon {unknown}
 e - 3 scrolls of magic mapping {unknown}
 h - a scroll of identify {unknown}
 j - a scroll of amnesia {unknown}
 k - a scroll of fear {unknown}


   Skills:
 - Level 2.0 Fighting
 - Level 1.7 Throwing
 - Level 3.0 Dodging
 * Level 4.6 Unarmed Combat


You had 3 spell levels left.
You didn't know any spells.
Your spell library contained the following spells:

 Spells                   Type           Power      Damage    Failure   Level
 Ignite Poison            Fire/Tmut/Pois 0%         N/A       80%         3
 Mephitic Cloud           Conj/Pois/Air  0%         N/A       80%         3
 Summon Lightning Spire   Summ/Air       0%         N/A       99%         4
 Freezing Cloud           Conj/Ice/Air   0%         6-21      100%        5
 Storm Form               Tmut/Air       0%         N/A       100%        7
 Maxwell's Capacitive Co  Air            0%         ∞         100%        8


Dungeon Overview and Level Annotations

Branches:
Dungeon (3/15)

Shops:
D:1 (


Innate Abilities, Weirdness & Mutations

You have an increased reservoir of magic. (+10% MP)
You shall have no god before yourself.
Your divine heritage dramatically boosts your attributes as you level up.


Message History

a +0 vampiric dagger; a +0 robe; a +0 hand axe You aren't carrying any items that you can evoke.
You aren't carrying any items that you can evoke.
Throw: 2 throwing nets
Press: ? - help, Shift-Dir - straight line, f - orc
Aim: an orc, wielding a +0 flail and wearing a +0 ring mail (63% to hit)
You throw a throwing net.
Something gets caught in the net!
Something wriggles in the net.
Unknown command.
Unknown command.
You punch something!
Something wriggles in the net.
You hit something. You closely miss something.
You hear some strange, mumbled words.
You are confused.
Something wriggles in the net.
You bump into the rock wall.
You bump into the rock wall.
Something wriggles in the net.
Something wriggles in the net.
All of a sudden the net rips apart!
You bump into the rock wall.
You hear some strange, mumbled words.
Something tries to affect you, but you resist.
You're too confused to move!
You bump into the rock wall.
You feel less confused. Something hits you.
* * * LOW HITPOINT WARNING * * *
You closely miss something. Your punch misses something. Something hits you.
* * * LOW HITPOINT WARNING * * *
You sense an unholy aura.
i - a +0 dagger of draining (weapon)
You hear some strange, mumbled words.
A magic dart appears from out of thin air!
The magic dart hits you!
* * * LOW HITPOINT WARNING * * *
You closely miss something.
You hear some strange, mumbled words.
A puff of flame appears from out of thin air!
The puff of flame hits you.
You die...

#. #.# #.
#.# #. #.#
#. #.# #.
#.#
##.###.##.#
.....$....#
...#...##
###@# #{#
#o# #.# .#(
# #


You could see an orc.

Vanquished Creatures
  A gnoll (D:1)
  2 adders (D:2)
  2 worms
  2 dart slugs
  An orc (D:3)
  2 bats
  6 endoplasms
  2 giant cockroaches (D:1)
  6 goblins
  2 hobgoblins
  5 kobolds
  A quokka (D:1)
  5 ball pythons
  5 frilled lizards
  6 rats
48 creatures vanquished.

Vanquished Creatures (others)
  An orc wizard (D:3)
1 creature vanquished.

Grand Total: 49 creatures vanquished

Notes
Turn   | Place    | Note
-------+----------+-------------------------------------------
     0 | D:1      | pkoi the Demigod Gladiator began the quest for the Orb.
     0 | D:1      | Reached XP level 1. HP: 17/17 MP: 3/3
   500 | D:1      | Reached skill level 3 in Unarmed Combat
   709 | D:1      | Reached XP level 2. HP: 15/24 MP: 4/4
  1132 | D:1      | Found Nionyiw's Weapon Emporium.
  1409 | D:1      | Reached XP level 3. HP: 8/29 MP: 5/5
  2346 | D:2      | Reached skill level 4 in Unarmed Combat
  3014 | D:3      | Reached XP level 4. HP: 28/36 MP: 6/6
  3145 | D:3      | Killed from afar by an orc wizard

Illustrated notes

Levels and vault maps discovered:
D:1:      roderic_dead_forest, layout_basic, serial_shops, shop,
          ebering_ecumenical_altar_abandoned, minmay_cut_off
D:2:      layout_basic
D:3:      due_chaos_kobolds, layout_loops_ring

Skill      XL: |  1  2  3 |
---------------+----------+-----
Fighting       | 2 |  2.0
Unarmed Combat | 3 4 |  4.6
Dodging        | 3 |  3.0
Throwing       | |  1.7

Action                   |  1- 3 |  4- 6 || total
-------------------------+-------+-------++-------
Melee: Unarmed           |   165 |    24 ||   189
       Punch             |     4 |     1 ||     5
       Dagger            |       |     1 ||     1
Throw: Throwing net      |       |     2 ||     2
 Stab: Sleeping          |     3 |       ||     3
Armor: Leather armour    |    38 |     6 ||    44
Dodge: Dodged            |    62 |     4 ||    66
